 Dungeon Sprint DCSS version 0.29-a0-506-ga2e7fffb44 (webtiles) character file.

Game seed: 4407431767604065128

64953 mhtbhm the Axe Maniac (level 14, -2/122 (168) HPs)
             Began as a Minotaur Berserker on May 28, 2022.
             Was the Champion of Trog.
             Slain by a Tzitzimitl (7 damage)
             ... summoned by Ereshkigal
             ... in the Dungeon (Sprint VII: "The Pits").
             The game lasted 00:11:14 (6670 turns).

mhtbhm the Axe Maniac (Minotaur Berserker)          Turns: 6670, Time: 00:11:15

HP:   -2/122 (168)  AC: 37    Str: 29    XL:     14   Next: 73%
MP:   13/13         EV: 16    Int:  2    God:    Trog [******]
Gold: 59            SH:  0    Dex: 11    Spells: 13/13 levels left

rFire   + . .      SeeInvis +   a - +8 frozen axe "Frostbite" {freezing cloud, *Noise Fly rC+}
rCold   + + .      Faith    .   (shield currently unavailable)
rNeg    + . .      Spirit   .   b - +2 gold dragon scales
rPois   +          Reflect  .   A - +2 hat {SInv}
rElec   .          Harm     .   D - +2 cloak of the Thief {*Fog Slay-2 SInv Stlth+}
rCorr   .          Rampage  .   C - +1 pair of gloves {Str+3}
Will    +....      NoTele   +   o - +0 pair of boots
Stlth   ..........              (no amulet)
HPRegen 0.30/turn               s - ring of positive energy
MPRegen 0.13/turn               l - +3 ring of evasion

@: mighty, flying, hasted and slowed, silenced, very heavily drained
A: horns 2, retaliatory headbutt, dopey 1
a: Renounce Religion


You were in the Dungeon.
You worshipped Trog.
Trog was exalted by your worship.
You visited 1 branch You collected 59 gold pieces.

Inventory:

Hand Weapons
 a - the +8 frozen axe "Frostbite" (weapon) {freezing cloud, *Noise Fly rC+}
   (Trog gifted it to you in the Dungeon)

   It freezes those it strikes, dealing additional cold damage.
   It can also slow down cold-blooded creatures.
   It occasionally leaves clouds of freezing vapour upon striking a foe.
   It grants immunity to clouds of freezing vapour.
   rC:        It protects you from cold.
   Fly:       It grants you flight.
   *Noise:    It may make noises in combat.
 p - a +3 battleaxe of flaming
 q - the +5 executioner's axe of Wrongful Imprisonment {flame, rF+ Will++ Str-3}
   (Trog gifted it to you in the Dungeon)

   It burns those it strikes, dealing additional fire damage.
   Big, fiery blades are also staple armaments of hydra-hunters.
   Str:       It affects your strength (-3).
   rF:        It protects you from fire.
   Will:      It greatly increases your willpower.
Missiles
 r - a throwing net (quivered)
Armour
 b - +2 gold dragon scales (worn)
 o - a +0 pair of boots (worn)
 A - a +2 hat of see invisible (worn)
 C - a +1 pair of gloves of strength (worn)
 D - the +2 cloak of the Thief (worn) {*Fog Slay-2 SInv Stlth+}
   (You found it in the Dungeon)

   It may release a thick cloud of smoke when the wearer is hurt.
   Slay:      It affects your accuracy & damage with ranged weapons and melee
   (-2).
   SInv:      It lets you see invisible.
   Stlth:     It makes you more stealthy.
 E - the +9 plate armour of Beyond {*Slow +Inv rF+ Str+6}
   (You found it in the Dungeon)

   Str:       It affects your strength (+6).
   rF:        It protects you from fire.
   +Inv:      It lets you turn invisible.
   *Slow:     It may slow you when you take damage.
Jewellery
 l - a +3 ring of evasion (right hand)
 s - a ring of positive energy (left hand)
 y - a ring of fire
Scrolls
 h - a scroll of blinking
 j - a scroll of summoning
 u - 4 scrolls of fog
 v - 2 scrolls of fear
 w - 4 scrolls of enchant armour
 x - 3 scrolls of identify
Potions
 c - 7 potions of curing
 e - 3 potions of haste
 f - 4 potions of magic
 g - 4 potions of berserk rage
 i - a potion of invisibility
 m - a potion of might
 n - a potion of mutation
 t - 2 potions of cancellation
 B - a potion of attraction {unknown}
Miscellaneous
 z - a phial of floods


   Skills:
 O Level 27 Fighting
 O Level 27 Axes
 + Level 22.2 Armour
 + Level 18.2 Dodging
 + Level 11.1 Stealth


You had 13 spell levels left.
You didn't know any spells.
Your spell library was empty.

Dungeon Overview and Level Annotations

Branches:
Dungeon (1/1)

Altars:
Ashenzari
Cheibriados
Dithmenos
Elyvilon
Fedhas
Gozag
Hepliaklqana
Kikubaaqudgha
Makhleb
Nemelex Xobeh
Okawaru
Qazlal
Ru
Sif Muna
Trog
Uskayaw
Vehumet
Wu Jian
Xom
Yredelemnul
Zin
The Shining One
Beogh
Jiyva
Lugonu

Annotations:
D Ereshkigal


Innate Abilities, Weirdness & Mutations

You have a pair of horns on your head.
You reflexively headbutt those who attack you in melee.
You are dopey. (Int -2)


Message History

Ereshkigal completely misses you. You furiously retaliate!
You headbutt Ereshkigal!!
The Tzitzimitl engulfs you but does no damage.
The Tzitzimitl misses you.
The Tzitzimitl calls on the powers of darkness!
Your body is wracked with pain!
* * * LOW HITPOINT WARNING * * *
Unknown command.
Unknown command.
You feel much better. Ereshkigal gestures at you.
You suddenly lose the ability to move!
The Tzitzimitl gestures at you. The bolt of negative energy hits you!!
You partially resist.
You feel drained.
* * * LOW HITPOINT WARNING * * *
The bolt of negative energy hits the Tzitzimitl.
The Tzitzimitl completely resists.
The Tzitzimitl engulfs you.
* * * LOW HITPOINT WARNING * * *
The Tzitzimitl drains your vigour!
You feel as though you will be slow longer.
The Tzitzimitl bites you but does no damage.
Ereshkigal hits you but does no damage. The Tzitzimitl engulfs you!
* * * LOW HITPOINT WARNING * * *
The Tzitzimitl bites you but does no damage.
Ereshkigal hits you but does no damage.
The Tzitzimitl engulfs you but does no damage.
The Tzitzimitl bites you but does no damage.
You can move again.
Okay, then.
Press: ? - help, v - describe, . - travel, g - get item Item here: a pearl dragon corpse.
The floor, spattered with blood.
This square is shrouded in silence.
There is a cloud of purple smoke here.
Okay, then.
You slash Ereshkigal! You freeze Ereshkigal.
Ereshkigal is lightly wounded.
You slash the Tzitzimitl! x2; The Tzitzimitl completely misses you.
The Tzitzimitl bites you!
You die...

#'# #.#
#'# #.#
#'# #+#
#.#
##§###'#
#§1§##.#
#&@# #'#
#1#1# #)#
###§###'#
+.[.##.##
#'.##...#
#.##'')..#
## ####)##
#[# #)#


You could see Ereshkigal (silencing, unsilenced) and 3 Tzitzimimeh.

Vanquished Creatures
  An ancient lich (D)
  Frederick (D)
  A pandemonium lord (D)
  A golden dragon (D)
  2 pearl dragons (D)
  A Brimstone Fiend (D)
  A Hell Sentinel (D)
  A deep elf blademaster (D)
  A titan (D)
  A quicksilver dragon (D)
  Gastronok (D)
  A shadow dragon (D)
  An azure jelly (D)
  A frost giant (D)
  A cacodemon (D)
  A draconian shifter (D)
  2 orc warlords (D)
  An ophan (D)
  2 stone giants (D)
  Azrael (D)
  A deep elf annihilator (D)
  A dire elephant (D)
  A green death (D)
  A great orb of eyes (D)
  Harold (D)
  2 vault guards (D)
  A hydra (D)
  A centaur warrior (D)
  2 anacondas (D)
  An alligator (D)
  A death yak (D)
  An orc high priest (D)
  3 deep elf knights (D)
  An iron troll (D)
  A soul eater (D)
  A fire crab (D)
  A sea snake (D)
  A shadow wraith (D)
  2 spriggan druids (D)
  A bog body (D)
  A lindwurm (D)
  A deep elf zephyrmancer (D)
  An orc sorcerer (D)
  3 orc knights (D)
  An ugly thing (D)
  2 wolf spiders (D)
  An eye of devastation (D)
  An orange demon (D)
  Psyche (D)
  An efreet (D)
  A yaktaur (shapeshifter) (D)
  A hellion (D)
  2 rime drakes (D)
  A guardian mummy (D)
  A red devil (D)
  An ice devil (D)
  A tyrant leech (D)
  A wandering mushroom (D)
  A polar bear (D)
  A troll (D)
  3 hornets (D)
  7 dream sheep (D)
  8 blink frogs (D)
  A snapping turtle (D)
  2 large abominations (D)
  A shadow (D)
  A spriggan (D)
  A flying skull (D)
  A water elemental (D)
  A culicivora (D)
  3 wyverns (D)
  2 wraiths (D)
  A ynoxinul (D)
  5 redbacks (D)
  A fire elemental (D)
  A chaos spawn (D)
  A steam dragon (D)
  2 vampire mosquitoes (D)
  An acid dragon (D)
  4 hell hounds (D)
  A floating eye (D)
  A sky beast (D)
  A black bear (D)
  2 ogres (D)
  A centaur (D)
  2 phantoms (D)
  An earth elemental (D)
  3 wights (D)
  3 jellies (D)
  2 quasits (D)
  An orc wizard (D)
  A hell rat (D)
  2 gnolls (D)
  A river rat (D)
  A white imp (D)
  An ufetubus (D)
  An adder skeleton (D)
  An adder zombie (D)
  A worm (D)
  3 orcs (D)
  A bat (D)
  An endoplasm (D)
  A giant cockroach (D)
  A hobgoblin (D)
  4 jackals (D)
  A quokka (D)
  2 kobolds (D)
  A quokka zombie (D)
  A ball lightning (D)
162 creatures vanquished.

Vanquished Creatures (collateral kills)
  A nagaraja (D)
  A dire elephant (D)
  2 vault guards (D)
  A catoblepas (D)
  An anaconda (D)
  6 orc knights (D)
  A komodo dragon (D)
  An ice devil (D)
  A wandering mushroom (D)
  A spriggan (D)
  An acid dragon (D)
  A giant cockroach simulacrum (D)
  A ball lightning (D)
19 creatures vanquished.

Vanquished Creatures (others)
  A deep elf knight (D)
  A ball python zombie (D)
  7 ball lightnings (D)
9 creatures vanquished.

Grand Total: 190 creatures vanquished

Notes
Turn   | Place    | Note
-------+----------+-------------------------------------------
     0 | D        | mhtbhm the Minotaur Berserker began the quest for the Orb.
     0 | D        | Reached XP level 1. HP: 19/19 MP: 0/0
    88 | D        | Found a bloodstained altar of Trog.
    88 | D        | Found a shimmering blue altar of Sif Muna.
    88 | D        | Found a viscous altar of Jiyva.
    88 | D        | Found a hazy altar of Hepliaklqana.
    88 | D        | Found an opulent altar of Gozag.
    89 | D        | Found a glowing golden altar of the Shining One.
    89 | D        | Found a glowing silver altar of Zin.
    89 | D        | Found a basalt altar of Yredelemnul.
    89 | D        | Found a shimmering altar of Xom.
    89 | D        | Found an ornate altar of the Wu Jian Council.
    89 | D        | Found a sacrificial altar of Ru.
    89 | D        | Found a stormy altar of Qazlal.
    89 | D        | Found an iron altar of Okawaru.
    89 | D        | Found a sparkling altar of Nemelex Xobeh.
    89 | D        | Found a burning altar of Makhleb.
    89 | D        | Found a blossoming altar of Fedhas.
    89 | D        | Found a white marble altar of Elyvilon.
    89 | D        | Found a shadowy altar of Dithmenos.
    89 | D        | Found a snail-covered altar of Cheibriados.
    91 | D        | Found a radiant altar of Vehumet.
    91 | D        | Found a corrupted altar of Lugonu.
    92 | D        | Found a hide-covered altar of Uskayaw.
    92 | D        | Found an ancient bone altar of Kikubaaqudgha.
    92 | D        | Found a broken altar of Ashenzari.
   132 | D        | Reached ** piety under Trog
   214 | D        | Reached skill level 5 in Fighting
   214 | D        | Reached skill level 5 in Axes
   214 | D        | Reached XP level 2. HP: 13/29 MP: 1/1
   392 | D        | Noticed a floating eye
   399 | D        | Reached *** piety under Trog
   401 | D        | Paralysed by a floating eye for 2 turns
   404 | D        | Killed a floating eye
   405 | D        | Reached XP level 3. HP: 40/40 MP: 2/2
   405 | D        | Reached XP level 4. HP: 48/48 MP: 3/3
   406 | D        | Reached **** piety under Trog
   596 | D        | Noticed a phantom
   599 | D        | Noticed a black bear
   602 | D        | Reached XP level 5. HP: 53/53 MP: 4/4
   604 | D        | Killed a phantom
   605 | D        | Reached skill level 5 in Dodging
   608 | D        | Reached skill level 10 in Axes
   608 | D        | Reached skill level 5 in Armour
   608 | D        | Reached skill level 1 in Stealth
   610 | D        | Killed a black bear
   610 | D        | Reached ***** piety under Trog
   611 | D        | Reached XP level 6. HP: 66/66 MP: 5/5
   670 | D        | Reached skill level 10 in Fighting
   672 | D        | Noticed a wyvern
   676 | D        | Killed a wyvern
   676 | D        | Received a gift from Trog
   677 | D        | Reached XP level 7. HP: 67/74 MP: 6/6
   844 | D        | Noticed a redback
   855 | D        | Killed a redback
  1063 | D        | Noticed a redback
  1068 | D        | Killed a redback
  1068 | D        | Received a gift from Trog
  1122 | D        | Noticed a water elemental
  1122 | D        | Noticed a tyrant leech
  1126 | D        | Killed a water elemental
  1127 | D        | Reached XP level 8. HP: 85/85 MP: 7/7
  1135 | D        | Killed a tyrant leech
  1203 | D        | Noticed a sea snake
  1207 | D        | Killed a sea snake
  1212 | D        | Reached XP level 9. HP: 94/94 MP: 8/8
  1226 | D        | Noticed a great orb of eyes
  1228 | D        | Noticed a death yak
  1232 | D        | Paralysed by a great orb of eyes for 5 turns
  1240 | D        | Killed a great orb of eyes
  1245 | D        | Killed a death yak
  1648 | D        | Noticed a nagaraja
  1648 | D        | Noticed a komodo dragon
  1653 | D        | Killed a komodo dragon
  1653 | D        | Received a gift from Trog
  1654 | D        | Found the +8 frozen axe "Frostbite" {freezing cloud, *Noise
                  | Fly rC+}
  1657 | D        | Killed a nagaraja
  1658 | D        | Reached skill level 15 in Fighting
  1658 | D        | Reached XP level 10. HP: 52/106 MP: 9/9
  1933 | D        | Noticed a bog body
  1933 | D        | Noticed a deep elf zephyrmancer
  1940 | D        | Killed a bog body
  1940 | D        | Received a gift from Trog
  1940 | D        | Killed a deep elf zephyrmancer
  2127 | D        | Reached skill level 10 in Armour
  2135 | D        | Reached ****** piety under Trog
  2491 | D        | Identified the +3 battleaxe "Pendulum" {vorpal, Dex+4}
                  | (Trog gifted it to you in the Dungeon)
  2491 | D        | Received a gift from Trog
  2493 | D        | Noticed an orc sorcerer
  2497 | D        | Reached skill level 10 in Dodging
  2498 | D        | Received a gift from Trog
  2498 | D        | Noticed an orc high priest
  2499 | D        | Reached XP level 11. HP: 116/116 MP: 10/10
  2504 | D        | Killed an orc sorcerer
  2505 | D        | Received a gift from Trog
  2511 | D        | Killed an orc high priest
  2516 | D        | Received a gift from Trog
  2521 | D        | Reached skill level 5 in Stealth
  2623 | D        | Noticed an anaconda
  2623 | D        | Noticed Azrael
  2624 | D        | Received a gift from Trog
  2625 | D        | Killed an anaconda
  2630 | D        | Identified the +5 executioner's axe of Wrongful
                  | Imprisonment {flame, rF+ Will++ Str-3} (Trog gifted it to
                  | you in the Dungeon)
  2630 | D        | Received a gift from Trog
  2632 | D        | Killed Azrael
  2944 | D        | Noticed a centaur warrior
  2956 | D        | Noticed Psyche
  2956 | D        | Noticed Harold
  2956 | D        | Noticed a fire crab
  2960 | D        | Killed a centaur warrior
  2963 | D        | Identified the +3 war axe of Rouburgh {vorpal, Str+4} (Trog
                  | gifted it to you in the Dungeon)
  2963 | D        | Received a gift from Trog
  2969 | D        | Killed Psyche
  2972 | D        | Killed a fire crab
  2972 | D        | Received a gift from Trog
  2973 | D        | Reached XP level 12. HP: 113/128 MP: 11/11
  2974 | D        | Killed Harold
  3288 | D        | Noticed a deep elf annihilator
  3288 | D        | Noticed a stone giant
  3288 | D        | Noticed an anaconda
  3292 | D        | Killed a deep elf annihilator
  3298 | D        | Killed an anaconda
  3298 | D        | Received a gift from Trog
  3299 | D        | Killed a stone giant
  3484 | D        | Got the ring "Wasecw" {Wiz rPois}
  3684 | D        | Noticed Gastronok
  3684 | D        | Noticed an alligator
  3684 | D        | Noticed an ophan
  3685 | D        | Noticed a seven-headed hydra
  3685 | D        | Received a gift from Trog
  3689 | D        | Noticed a stone giant
  3691 | D        | Killed Gastronok
  3691 | D        | Identified the +6 mace "Ezick" {freeze, Dex+4}
  3692 | D        | Reached skill level 27 in Axes
  3701 | D        | Received a gift from Trog
  3704 | D        | Killed an ophan
  3706 | D        | Killed an alligator
  3709 | D        | Killed a nine-headed hydra
  3714 | D        | Killed a stone giant
  3715 | D        | Reached skill level 15 in Armour
  3724 | D        | Received a gift from Trog
  3727 | D        | Noticed a dire elephant
  3731 | D        | Killed a dire elephant
  3732 | D        | Reached XP level 13. HP: 56/145 MP: 12/12
  3755 | D        | Received a gift from Trog
  4233 | D        | Noticed a Hell Sentinel
  4241 | D        | Killed a Hell Sentinel
  4452 | D        | Noticed a golden dragon
  4459 | D        | Killed a golden dragon
  4666 | D        | Noticed Wemoot the pandemonium lord
  4679 | D        | Killed Wemoot the pandemonium lord
  5004 | D        | Noticed Frederick
  5010 | D        | Killed Frederick
  5080 | D        | Noticed a titan
  5083 | D        | Killed a titan
  5101 | D        | Noticed an azure jelly
  5106 | D        | Killed an azure jelly
  5202 | D        | Noticed a dire elephant
  5202 | D        | Noticed a pearl dragon
  5202 | D        | Noticed a Brimstone Fiend
  5206 | D        | Killed a Brimstone Fiend
  5212 | D        | Killed a pearl dragon
  5212 | D        | Identified the +8 war axe of Paruneiv {antimagic, Str+3}
                  | (Trog gifted it to you in the Dungeon)
  5212 | D        | Received a gift from Trog
  5214 | D        | Killed a dire elephant
  5346 | D        | Noticed a purple draconian shifter
  5358 | D        | Killed a purple draconian shifter
  5467 | D        | Noticed a cacodemon
  5469 | D        | Gained mutation: You are dopey. (Int -2) [a cacodemon]
  5477 | D        | Killed a cacodemon
  5477 | D        | Received a gift from Trog
  5480 | D        | Noticed an ancient lich
  5490 | D        | Killed an ancient lich
  5491 | D        | Reached skill level 27 in Fighting
  5491 | D        | Reached skill level 15 in Dodging
  5491 | D        | Reached XP level 14. HP: 92/168 MP: 13/13
  5692 | D        | Noticed a quicksilver dragon
  5696 | D        | Killed a quicksilver dragon
  6101 | D        | Noticed an orc warlord
  6101 | D        | Noticed an orc warlord
  6101 | D        | Received a gift from Trog
  6109 | D        | Killed an orc warlord
  6109 | D        | Killed an orc warlord
  6112 | D        | Noticed a deep elf blademaster
  6113 | D        | Received a gift from Trog
  6120 | D        | Noticed a frost giant
  6123 | D        | Killed a deep elf blademaster
  6123 | D        | Received a gift from Trog
  6130 | D        | Killed a frost giant
  6131 | D        | Identified the +8 quarterstaff "Meager Demonslayer"
                  | {vorpal, Fly rN+ Will+ Int-2} (Trog gifted it to you in the
                  | Dungeon)
  6131 | D        | Received a gift from Trog
  6132 | D        | Reached skill level 10 in Stealth
  6280 | D        | Found the +5 robe of Misfortune {Harm *Corrode *Slow EV+5}
  6306 | D        | Found the +2 cloak of the Thief {*Fog Slay-2 SInv Stlth+}
  6355 | D        | Got the +9 plate armour of Beyond {*Slow +Inv rF+ Str+6}
  6504 | D        | Noticed a shadow dragon
  6507 | D        | Killed a shadow dragon
  6554 | D        | Noticed a pearl dragon
  6559 | D        | Killed a pearl dragon
  6645 | D        | Noticed Ereshkigal
  6646 | D        | Paralysed by Ereshkigal for 5 turns
  6648 | D        | Noticed a Tzitzimitl
  6653 | D        | Noticed a Tzitzimitl
  6656 | D        | Noticed a Tzitzimitl
  6663 | D        | Noticed a Tzitzimitl
  6667 | D        | Noticed a Tzitzimitl
  6668 | D        | Paralysed by Ereshkigal for 2 turns
  6669 | D        | HP: 5/122 [Tzitzimitl[Ereshkigal] (9)]
  6670 | D        | Slain by a Tzitzimitl

Illustrated notes

Levels and vault maps discovered:
D:        pitsprint [storerooms_1, entrance_room_1, metal_vault_1, armoury_1,
          mini_pit_1, grid_room_1, main_hall_1, silver_pit, the_coven_3,
          the_vestibule_1, steel_vault_5, golden_pit, hallway_of_sentries,
          crystal_vault_6, iron_vault_2, final_vault]

Skill      XL: |  1  2  3  4  5  6  7  8  9 10 11 12 13 14 |
---------------+-------------------------------------------+-----
Fighting       | 5 7 8 9 11 12 13 15 16 18 22 27 | 27.0
Axes           | 5 8 10 12 14 16 19 21 25 27 | 27.0
Armour         | 3 4 5 6 7 9 10 12 15 18 22 | 22.2
Dodging        | 4 5 6 7 8 9 10 11 12 15 18 | 18.2
Stealth        | 1 2 3 4 5 6 11 | 11.1

Action                   |  1- 3 |  4- 6 |  7- 9 | 10-12 | 13-15 || total
-------------------------+-------+-------+-------+-------+-------++-------
Melee: Hand axe          |    21 |    22 |       |       |       ||    43
       Headbutt          |     2 |     2 |     5 |    20 |    28 ||    57
       Punch             |       |     1 |       |       |       ||     1
       Battleaxe         |       |       |    45 |       |       ||    45
       Executioner's axe |       |       |       |   117 |   117 ||   234
Invok: Berserk           |     1 |     1 |     2 |     4 |     5 ||    13
       Brothers in Arms  |       |       |     1 |     1 |     5 ||     7
       Trog's Hand       |       |       |       |     1 |       ||     1
  Use: Potion            |       |       |     1 |       |    22 ||    23
       Scroll            |       |       |       |       |     1 ||     1
 Stab: Distracted        |       |       |       |       |     1 ||     1
       Invisible         |       |       |       |       |     8 ||     8
Armor: Animal skin       |     4 |       |       |       |       ||     4
       Chain mail        |       |     7 |     8 |       |       ||    15
       Ring mail         |       |       |     9 |    42 |    19 ||    70
       Pearl dragon scal |       |       |       |       |    13 ||    13
       Gold dragon scale |       |       |       |       |    55 ||    55
Dodge: Dodged            |    15 |     9 |    13 |    85 |    75 ||   197

Table legend: (Time is in decaauts)
 A = Elapsed time spent in this place.
 B = Non-inter-level travel time spent in this place.
 C = Inter-level travel time spent in this place.
 D = Time resting spent in this place.
 E = Time spent auto-exploring this place.
 F = Levels seen in this place.
 G = Mean time per level.
                   A        B        C        D        E       F      G
               +--------+--------+--------+--------+--------+-----+--------+
         Total |   6739 |   6739 |      0 |   5029 |     17 |   1 | 6739.0 |
       Dungeon |   6739 |   6739 |      0 |   5029 |     17 |   1 | 6739.0 |
               +--------+--------+--------+--------+--------+-----+--------+

Top non-repeatable levels by time:
       D: 6739 daAuts
